[Event "Team 45 45 League T68"]
[Site "Internet Chess Club"]
[Date "2016.04.02"]
[Round "4"]
[White "SlimeDog2"]
[Black "jt2000"]
[Result "1-0"]
[WhiteElo "2041"]
[BlackElo "2041"]
[Opening "QGD: Orthodox defense, 7.Rc1"]
[ECO "D63"]
[Time "01:20:40"]
[TimeControl "2700+45"]

1. d4 d5 2. c4 e6 3. Nc3 Be7 4. Nf3 Nf6 5. Bg5 Nbd7 6. e3 O-O 7. Rc1 b6 8. cxd5
exd5 9. Qa4 Bb7 10. Ba6 Bxa6 11. Qxa6 c5 12. O-O Re8 13. Rfd1 c4 14. Ne5 h6 15.
Bh4 g5 16. Bg3 Nf8 17. Nc6 Qd7 18. Nxe7+ Rxe7 19. b3 cxb3 20. axb3 Nh5 21. Nb5
Nxg3 22. hxg3 Ne6 23. Rc2 Qb7 24. Ra1 Qb8 25. Rc6 Qb7 26. Rxb6 Qd7 27. Rc6 Rb8
28. Nd6 Nc7 29. Qa4 Nb5 30. Rc8+ Rxc8 31. Nxc8 Re8 32. Rc1 Rxc8 33. Rxc8+ Qxc8
34. Qxb5 Qd8 35. b4 Qd6 36. Qc5 Qd7 37. b5 Qg4 38. Qc2 Kg7 39. Kf1 Qd7 40. Qc6
Qg4 41. Qc2 Qd7 42. Qc5 Qg4 43. Ke1 Qf5 44. f3 g4 45. e4 Qh5 46. Qxd5 Qh1+ 47.
Kf2 gxf3 48. gxf3 Qh2+ 49. Ke3 Qg1+ 50. Kf4 Qc1+ 51. Kg4 Qc8+ 52. Qf5 Qc4 53.
Qe5+ Kg6 54. Qc5 Qe2 55. Qc6+ f6 56. Qe8+ Kg7 57. Qd7+ Kg6 58. Qf5+ Kg7 59. e5
Qh2 60. Qxf6+ Kg8 61. Qg6+ {Black resigns} 1-0

[Event "Team 45 45 League T68"]
[Site "Internet Chess Club"]
[Date "2016.04.01"]
[Round "4"]
[White "jonesey"]
[Black "Gilligan"]
[Result "1-0"]
[WhiteElo "2013"]
[BlackElo "1953"]
[Opening "English: symmetrical, Botvinnik system"]
[ECO "B20"]
[Time "18:01:59"]
[TimeControl "2700+45"]

1. e4 c5 2. c4 Nc6 3. Nc3 g6 4. g3 Bg7 5. Bg2 e6 6. Nge2 Nge7 7. d3 O-O 8. O-O
d6 9. Be3 Nd4 10. Rb1 b6 11. b4 cxb4 12. Rxb4 Nxe2+ 13. Nxe2 Bb7 14. d4 d5 15.
exd5 exd5 16. c5 Ba6 17. Re1 bxc5 18. dxc5 Rc8 19. Qa4 Bxe2 20. Rxe2 a5 21. Rb6
d4 22. Bg5 f6 23. Rd6 Qe8 24. Rd7 Rf7 25. Bd5 Nxd5 26. Rxe8+ Rxe8 27. Rxf7 Kxf7
28. Qxd4 Ne7 29. Bd2 Ra8 30. c6 f5 31. Qc4+ Kf8 32. c7 a4 33. Bb4 Rc8 34. Bd6 a3
35. Qe6 {Black resigns} 1-0

[Event "Team 45 45 League T68"]
[Site "Internet Chess Club"]
[Date "2016.04.01"]
[Round "4"]
[White "Goli"]
[Black "LazyPeon"]
[Result "1-0"]
[WhiteElo "1725"]
[BlackElo "1723"]
[Opening "Ruy Lopez: Schliemann defense"]
[ECO "C63"]
[Time "16:00:37"]
[TimeControl "2700+45"]

1. e4 e5 2. Nf3 Nc6 3. Bb5 f5 4. Bxc6 dxc6 5. exf5 e4 6. Qe2 Qe7 7. Nd4 Nf6 8.
Nc3 c5 9. Ne6 Bxe6 10. fxe6 Qxe6 11. Qb5+ Qc6 12. Qxc6+ bxc6 13. O-O O-O-O 14.
Re1 Re8 15. b3 Bd6 16. Bb2 Rhf8 17. Re2 Re7 18. Rae1 Rfe8 19. g3 h5 20. Kg2 Kd7
21. h3 Be5 22. Na4 Bxb2 23. Nxb2 Nd5 24. a3 h4 25. Nc4 hxg3 26. fxg3 Nb6 27. Ne3
g6 28. Ng4 Re6 29. Nf2 c4 30. Nxe4 Kd8 31. Nc3 Rxe2+ 32. Rxe2 Rxe2+ 33. Nxe2
cxb3 34. cxb3 Nd5 35. Nf4 Ne7 36. Kf3 Kd7 37. Kg4 Ke8 38. Kg5 Kf7 39. g4 a5 40.
h4 c5 41. Nd3 Nc6 42. Nxc5 Nd4 43. Kf4 Nc2 44. a4 Ke7 45. h5 gxh5 46. gxh5 Nd4
47. Ke4 Nc6 48. Kd5 Nd8 49. h6 Kf6 50. h7 Kg7 51. Ne6+ {Black resigns} 1-0

[Event "Team 45 45 League T68"]
[Site "Internet Chess Club"]
[Date "2016.04.02"]
[Round "4"]
[White "Zugzwanged"]
[Black "Egmont"]
[Result "0-1"]
[WhiteElo "1638"]
[BlackElo "1735"]
[Opening "French: Tarrasch, closed variation"]
[ECO "C05"]
[Time "10:00:30"]
[TimeControl "2700+45"]

1. e4 e6 2. d4 d5 3. Nd2 Nf6 4. e5 Nfd7 5. Bd3 c5 6. c3 Nc6 7. Ngf3 cxd4 8. cxd4
Be7 9. O-O O-O 10. Re1 f6 11. exf6 Nxf6 12. b3 Qd6 13. Bb2 Qf4 14. Nf1 Bb4 15.
Re2 Bd7 16. Ng3 Rae8 17. Bc1 Qc7 18. a3 Bc3 19. Rb1 Qb6 20. Bb2 Bxb2 21. Rbxb2
Qc7 22. Rbc2 Qf4 23. Qd2 Qxd2 24. Rcxd2 a6 25. b4 Na7 26. Re1 Nb5 27. Ne5 Nxa3
28. Ra2 Nb5 29. Nxd7 Nxd7 30. Bxb5 axb5 31. Ra5 Rf4 32. Rxb5 Rxd4 33. Rxb7 Nf6
34. h3 e5 35. Nf5 Rd2 36. Nxg7 Rf8 37. Rxe5 Ne4 38. f3 Nd6 39. Ne6 Nxb7 40. Nxf8
Kxf8 41. Re6 d4 42. Rb6 Nd8 43. b5 d3 44. Rb8 Ke7 45. b6 Kd7 46. f4 Rb2 47. Kf1
Re2 48. Ra8 Rb2 49. Ra7+ Kd6 50. Ke1 Rxb6 51. Ra3 Rb1+ 52. Kd2 Rb2+ 53. Kxd3
Rxg2 54. Ke4 Nc6 55. Kf5 h5 56. Rd3+ Ke7 57. Re3+ Kf7 58. Rc3 Ne7+ 59. Ke4 h4
60. Ra3 Rg3 61. Ra7 Rxh3 62. f5 Rh1 63. Ra6 Re1+ 64. Kf4 Rf1+ 65. Kg4 Nxf5 66.
Ra7+ Kf6 67. Ra6+ Ke5 68. Ra5+ Kd4 69. Ra4+ Ke3 70. Ra3+ Kf2 71. Kxf5 h3 72. Kg4
h2 73. Rf3+ Ke2 74. Ra3 h1=Q 75. Ra2+ Kd3 {White resigns} 0-1

[Event "Team 45 45 League T68"]
[Site "Internet Chess Club"]
[Date "2016.04.01"]
[Round "4"]
[White "whiskeytown"]
[Black "idjit"]
[Result "0-1"]
[WhiteElo "1603"]
[BlackElo "1575"]
[Opening "Sicilian: O'Kelly variation"]
[ECO "B28"]
[Time "13:02:23"]
[TimeControl "2700+45"]

1. e4 c5 2. Nf3 a6 3. d3 g6 4. g3 Bg7 5. Bg2 Nc6 6. c3 d5 7. Nbd2 Nf6 8. O-O
dxe4 9. dxe4 e5 10. Qc2 O-O 11. Nc4 Qc7 12. Be3 Be6 13. Ncd2 b6 14. Rad1 Rfd8
15. Ng5 Bg4 16. Bf3 Bd7 17. Bg2 Ng4 18. Qb3 Be8 19. Ne6 fxe6 20. Qxe6+ Bf7 21.
Qxg4 Bxa2 22. b3 Na5 23. Ra1 Bxb3 24. Nxb3 Nxb3 25. Qe6+ Qf7 26. Qxf7+ Kxf7 27.
Rab1 c4 28. f4 Ke7 29. fxe5 Rd3 30. Bg5+ Ke8 31. Rbd1 Bxe5 32. Bh6 Ke7 33. Bg5+
Kd6 34. Rxd3+ cxd3 35. Bf4 Rc8 36. Rb1 Bxf4 37. Rxb3 d2 38. Bf3 Be3+ 39. Kf1 Kc5
40. Ke2 Kc4 41. Ra3 Bc5 42. Rxa6 Kxc3 43. Ra2 Rd8 44. Kd1 Be3 45. Ra3+ Kd4 46.
Ra4+ Kc5 47. Ra3 Bh6 48. h4 b5 49. Ra7 b4 50. Rxh7 Be3 51. Rb7 Kc4 52. Be2+ Kc3
53. Rc7+ Kb2 54. e5 b3 55. e6 Ra8 {White resigns} 0-1

[Event "Team 45 45 League T68"]
[Site "Internet Chess Club"]
[Date "2016.04.02"]
[Round "4"]
[White "bayoumicardio10"]
[Black "HappySong"]
[Result "1-0"]
[WhiteElo "1611"]
[BlackElo "1485"]
[Opening "French: King's Indian attack"]
[ECO "C00"]
[Time "18:59:55"]
[TimeControl "2700+45"]

1. e4 e6 2. d3 d5 3. Nd2 c5 4. g3 Nc6 5. Bg2 d4 6. f4 e5 7. Ngf3 Bd6 8. Nc4 Qc7
9. Nxd6+ Qxd6 10. O-O Bg4 11. h3 Bd7 12. fxe5 Nxe5 13. Bf4 f6 14. Nxe5 fxe5 15.
Qh5+ Qg6 16. Qxe5+ Ne7 17. Bg5 Qe6 18. Qxc5 Nc6 19. Rf2 b6 20. Qd5 Qxd5 21. exd5
Ne7 22. Re1 O-O-O 23. Rxe7 h6 24. Bd2 g5 25. d6 Rde8 26. Rff7 Rd8 27. c4 Rhf8
28. Rxd7 Rxf7 29. Rxf7 Rxd6 30. c5 Re6 31. Bb7+ Kb8 32. c6 a5 33. h4 Re2 34.
hxg5 Rxd2 35. g6 Rxd3 36. g7 Rxg3+ 37. Kf2 Rg6 38. Rf8+ Kc7 39. g8=Q Rxg8 40.
Rxg8 {Black resigns} 1-0

[Event "Team 45 45 League T68"]
[Site "Internet Chess Club"]
[Date "2016.04.01"]
[Round "4"]
[White "AH2012"]
[Black "Packerfan"]
[Result "0-1"]
[WhiteElo "1699"]
[BlackElo "1795"]
[Opening "Ruy Lopez: Schliemann defense"]
[ECO "C63"]
[Time "14:01:20"]
[TimeControl "2700+45"]

1. e4 e5 2. Nf3 Nc6 3. Bb5 f5 4. exf5 e4 5. Bxc6 bxc6 6. Ne5 Nf6 7. Nc3 Bc5 8.
Nxe4 Nxe4 9. Qh5+ g6 10. fxg6 Bxf2+ 11. Kd1 Qh4 12. Qf5 Rf8 13. Nf7 d6 14. Qa5
Bg4# {White checkmated} 0-1

[Event "Team 45 45 League T68"]
[Site "Internet Chess Club"]
[Date "2016.03.31"]
[Round "4"]
[White "Lrn2Mate"]
[Black "burnsy"]
[Result "0-1"]
[WhiteElo "1624"]
[BlackElo "1636"]
[Opening "Grünfeld: modern exchange variation"]
[ECO "D85"]
[Time "21:01:25"]
[TimeControl "2700+45"]

1. d4 Nf6 2. c4 g6 3. Nc3 d5 4. cxd5 Nxd5 5. e4 Nxc3 6. bxc3 Bg7 7. Nf3 c5 8.
Be3 O-O 9. Be2 Bg4 10. O-O Bxf3 11. Bxf3 cxd4 12. cxd4 Nc6 13. e5 Qc7 14. Rc1 e6
15. Qa4 Rac8 16. Rc2 Qd7 17. Rfc1 Rc7 18. Bxc6 bxc6 19. Bd2 f6 20. Bb4 Qxd4 21.
Rc4 Qxe5 22. Bxf8 Bxf8 23. g3 c5 24. Re4 Qg5 25. Qc4 Rc6 26. Rxe6 Rxe6 27. Qxe6+
Kg7 28. Qd7+ Kg8 29. Re1 c4 30. Qe6+ Kg7 31. Qxc4 Qa5 32. Rd1 Qc5 33. Qxc5 Bxc5
34. Rd7+ Kh6 35. Rxa7 Bxa7 36. Kg2 Kg5 37. Kf3 Kf5 38. a4 Bb6 39. g4+ Ke5 40.
Ke2 Kf4 41. h3 g5 42. Kf1 Kf3 43. Ke1 Bxf2+ 44. Kd2 Kg3 45. a5 Kxh3 46. a6 Kxg4
47. Kd3 Kf3 48. Kc4 h5 49. Kb5 h4 50. Kc6 h3 51. Kb7 h2 52. a7 Bxa7 {White
resigns} 0-1

[Event "Team 45 45 League T68"]
[Site "Internet Chess Club"]
[Date "2016.04.02"]
[Round "4"]
[White "tuantuan"]
[Black "clarinetref"]
[Result "1/2-1/2"]
[WhiteElo "1472"]
[BlackElo "1631"]
[Opening "Sicilian: Najdorf, Opocensky variation"]
[ECO "B92"]
[Time "17:06:05"]
[TimeControl "2700+45"]

1. e4 c5 2. Nf3 d6 3. d4 cxd4 4. Nxd4 a6 5. Be2 Nf6 6. Nc3 g6 7. O-O Bg7 8. Be3
Nc6 9. f3 O-O 10. Qd2 Nxd4 11. Bxd4 e5 12. Be3 Re8 13. Rad1 d5 14. Nxd5 Nxd5 15.
Qxd5 Qc7 16. Qd2 Be6 17. b3 Rad8 18. Qc1 Rc8 19. c4 Qa5 20. Qc2 Bf8 21. Kh1 b5
22. Bd2 Qc7 23. Rc1 Ba3 24. Rb1 bxc4 25. Bxc4 Bxc4 26. bxc4 Qxc4 27. Qxc4 Rxc4
{Game drawn by mutual agreement} 1/2-1/2

[Event "Team 45 45 League T68"]
[Site "Internet Chess Club"]
[Date "2016.03.31"]
[Round "4"]
[White "tryanything"]
[Black "arnav07"]
[Result "1-0"]
[WhiteElo "1574"]
[BlackElo "1537"]
[Opening "two knights: Max Lange attack"]
[ECO "C50"]
[Time "20:00:09"]
[TimeControl "2700+45"]

1. e4 e5 2. Nf3 Nc6 3. Bc4 Bc5 4. O-O Nf6 5. d4 exd4 6. e5 Ng8 7. Bg5 Nge7 8.
Re1 O-O 9. c3 dxc3 10. Nxc3 h6 11. Bh4 Qe8 12. Nd5 Nxd5 13. Qxd5 Nb4 14. Qxc5
Nc2 15. Bxf7+ Rxf7 16. Qxc2 c6 17. Qb3 Kh8 18. Rad1 b6 19. e6 dxe6 20. Rd8 Qxd8
21. Bxd8 Bd7 22. Bh4 Rd8 23. Ne5 Rdf8 24. Ng6+ Kh7 25. Nxf8+ Rxf8 26. Qd3+ Kh8
27. Qxd7 g5 28. Bg3 Rf5 29. Qxe6 Rd5 30. Qxh6+ Kg8 31. Re8+ Kf7 32. Qe6+ Kg7 33.
Rg8+ Kh7 34. Qg6# {Black checkmated} 1-0

[Event "Team 45 45 League T68"]
[Site "Internet Chess Club"]
[Date "2016.04.01"]
[Round "4"]
[White "Grenadier"]
[Black "Scorpius"]
[Result "1-0"]
[WhiteElo "1633"]
[BlackElo "1423"]
[Opening "Bishop's opening: Classical variation"]
[ECO "C23"]
[Time "20:00:36"]
[TimeControl "2700+45"]

1. e4 e5 2. Bc4 Bc5 3. Nc3 Nc6 4. d3 d6 5. Na4 Nf6 6. Nxc5 dxc5 7. f4 Bg4 8. Nf3
exf4 9. Bxf4 Nd4 10. c3 b5 11. Bxf7+ Kxf7 12. cxd4 Bxf3 13. Qxf3 Qxd4 14. e5
Rhe8 15. O-O-O c4 16. exf6 c3 17. Qh5+ g6 18. Qxh7+ Ke6 19. Qh3+ Kxf6 20. Qh4+
Ke6 21. Rhe1+ Kd5 22. Qg5+ Kc6 23. Qxg6+ Kb7 24. Rxe8 Qxf4+ 25. Kb1 Rxe8 26.
Qxe8 c2+ 27. Kxc2 Qa4+ 28. Kc1 Qxa2 29. Qxb5+ Kc8 30. Kd2 Qf7 31. Qe5 Qf2+ 32.
Qe2 Qf4+ 33. Kc2 Qa4+ 34. Kb1 Kb8 35. Rf1 Qd4 36. Rf8+ Kb7 37. Qe4+ {Black
resigns} 1-0

[Event "Team 45 45 League T68"]
[Site "Internet Chess Club"]
[Date "2016.04.04"]
[Round "4"]
[White "Mitochondria"]
[Black "GoIrish"]
[Result "0-1"]
[WhiteElo "1522"]
[BlackElo "1543"]
[Opening "King's Indian: orthodox, Aronin-Taimanov, 9.Ne1"]
[ECO "E98"]
[Time "20:31:39"]
[TimeControl "2700+45"]

1. d4 Nf6 2. c4 g6 3. Nc3 Bg7 4. e4 d6 5. Nf3 O-O 6. Be2 e5 7. O-O Nc6 8. d5 Ne7
9. Ne1 Ne8 10. Be3 f5 11. f3 f4 12. Bf2 g5 13. c5 Ng6 14. Nd3 Kh8 15. cxd6 cxd6
16. Qb3 Rf7 17. Rfc1 Bf8 18. Rc2 Nf6 19. Nb5 g4 20. Nxa7 gxf3 21. Rxc8 Rxc8 22.
Nxc8 fxe2 23. Rc1 Nxe4 24. Ne1 Nxf2 25. Kxf2 f3 26. g3 Bh6 27. Rc2 e4 28. Qc3+
Ne5 29. Nd3 exd3 30. Nxd6 Qxd6 {White resigns} 0-1

[Event "Team 45 45 League T68"]
[Site "Internet Chess Club"]
[Date "2016.04.03"]
[Round "4"]
[White "santiagoelawad"]
[Black "kaiclc"]
[Result "1-0"]
[WhiteElo "1964"]
[BlackElo "1232"]
[Opening "English: Mikenas-Carls, Flohr variation"]
[ECO "A18"]
[Time "09:41:36"]
[TimeControl "2700+45"]

1. c4 Nf6 2. Nc3 e6 3. e4 d5 4. e5 Nfd7 5. d4 Bb4 6. Nf3 c6 7. Bd3 Nb6 8. c5
N6d7 9. Qc2 b6 10. cxb6 axb6 11. Bxh7 Ba6 12. Bd3 c5 13. Bxa6 Rxa6 14. Be3 Nc6
15. Qd3 c4 16. Qd2 Qa8 17. O-O Bxc3 18. bxc3 Na5 19. Qb2 Ke7 20. Nd2 Qa7 21.
Qb4+ Kd8 22. f4 Nb7 23. f5 Rxa2 24. Rxa2 Qxa2 25. fxe6 fxe6 26. Rf7 Kc7 27. Qe7
Rd8 28. Qxe6 Qa1+ 29. Nf1 Qxc3 30. Qxd5 Qd3 31. e6 Nc5 32. Bf4+ Kc8 33. Qc6#
{Black checkmated} 1-0

[Event "Team 45 45 League T68"]
[Site "Internet Chess Club"]
[Date "2016.04.02"]
[Round "4"]
[White "Portola"]
[Black "kabindra"]
[Result "1-0"]
[WhiteElo "1741"]
[BlackElo "1758"]
[Opening "Queen's pawn game"]
[ECO "D00"]
[Time "18:00:24"]
[TimeControl "2700+45"]

1. d4 d5 2. c3 Nf6 3. Nf3 Nc6 4. Bg5 Ne4 5. Bh4 Bf5 6. e3 Qd7 7. Nbd2 f6 8. Nxe4
dxe4 9. Nd2 g5 10. Bg3 h5 11. h3 a6 12. Be2 O-O-O 13. b4 e5 14. b5 axb5 15. Bxb5
exd4 16. Qa4 Qd5 17. cxd4 Bd7 18. O-O Nb8 19. Rfc1 c6 20. Nc4 Qxb5 21. Qxb5
{Black resigns} 1-0

[Event "Team 45 45 League T68"]
[Site "Internet Chess Club"]
[Date "2016.04.03"]
[Round "4"]
[White "pcvan"]
[Black "nealbruce"]
[Result "0-1"]
[WhiteElo "1429"]
[BlackElo "1598"]
[Opening "Four knights: Spanish variation"]
[ECO "C48"]
[Time "12:30:20"]
[TimeControl "2700+45"]

1. e4 e5 2. Nf3 Nc6 3. Nc3 Nf6 4. Bb5 d6 5. h3 Bd7 6. O-O Be7 7. d3 O-O 8. Be3
a6 9. Ba4 b5 10. Bb3 Na5 11. Bd5 c6 12. Bb3 Nxb3 13. axb3 Qc7 14. Qd2 d5 15.
exd5 cxd5 16. Bg5 Bc6 17. Rfe1 e4 18. Nd4 Bb7 19. Nf5 Rfe8 20. Re3 Qe5 21. Nxe7+
Rxe7 22. d4 Qxg5 23. Rae1 Rae8 24. f3 h6 25. Qe2 exf3 {White resigns} 0-1

[Event "Team 45 45 League T68"]
[Site "Internet Chess Club"]
[Date "2016.04.03"]
[Round "4"]
[White "zap2"]
[Black "rayonline53"]
[Result "1-0"]
[WhiteElo "1783"]
[BlackElo "1406"]
[Opening "Benko's opening"]
[ECO "A00"]
[Time "12:00:30"]
[TimeControl "2700+45"]

1. g3 d5 2. Bg2 c6 3. Nf3 Bf5 4. d3 e6 5. Nbd2 Be7 6. O-O Nf6 7. b3 Nbd7 8. Bb2
Qc7 9. c4 O-O 10. Rc1 Rfe8 11. Rc2 Rad8 12. Qa1 Qb8 13. Ne5 Bf8 14. e4 dxe4 15.
dxe4 Bg6 16. Nxg6 hxg6 17. e5 Ng4 18. Re1 Nc5 19. Bf3 Nh6 20. Ne4 Nd3 21. Rd1
Nxb2 22. Qxb2 Rxd1+ 23. Bxd1 Rd8 24. Rd2 Be7 25. f4 Nf5 26. Kf2 Rxd2+ 27. Qxd2
Qd8 28. Qxd8+ Bxd8 29. c5 b6 30. b4 a5 31. bxa5 bxa5 32. Ba4 Ne7 33. Nd6 Bc7 34.
Ke3 Kf8 35. Kd3 Bd8 36. Kc4 Bc7 37. Bc2 Bd8 38. Be4 Bc7 39. Kb3 Nd5 40. Bxd5
exd5 41. Ka4 Ke7 42. g4 f6 43. Nb7 fxe5 44. fxe5 Ke6 45. Nxa5 Kxe5 46. Nxc6+ Ke4
47. Kb5 d4 48. Nb4 d3 49. Nxd3 Kxd3 50. a4 Kd4 51. Kc6 Ba5 52. Kd6 Kc4 53. c6
Kb4 54. c7 Bxc7+ 55. Kxc7 Kxa4 56. Kd6 Kb4 57. Ke6 Kc4 58. Kf7 Kd5 59. Kxg7 g5
60. Kg6 Ke5 61. Kxg5 Ke6 62. Kg6 Ke7 63. Kg7 Ke8 64. h4 {Black resigns} 1-0

[Event "Team 45 45 League T68"]
[Site "Internet Chess Club"]
[Date "2016.04.03"]
[Round "4"]
[White "evan7284"]
[Black "drsigmund1"]
[Result "1-0"]
[WhiteElo "1720"]
[BlackElo "1470"]
[Opening "Queen's pawn"]
[ECO "A40"]
[Time "13:15:47"]
[TimeControl "2700+45"]

1. d4 e6 2. Nf3 d5 3. Bf4 c5 4. e3 Nf6 5. Nbd2 Nc6 6. c3 Qb6 7. Qb3 c4 8. Qxb6
axb6 9. Be2 Be7 10. O-O O-O 11. Ne5 Nxe5 12. Bxe5 Nd7 13. Bg3 b5 14. e4 Nb6 15.
exd5 exd5 16. b3 Ba3 17. Bc7 Ra6 18. Bxb6 Rxb6 19. bxc4 bxc4 20. g4 Rb2 21. Rfd1
Rc2 22. Bf3 Bb2 23. Rab1 Bxc3 24. Nf1 Rd8 25. Ne3 Rxa2 26. h3 Bb2 27. Bxd5 b5
28. Rd2 Ra1 29. Rxb2 c3 30. Rxa1 cxb2 31. Rb1 Ba6 32. Rxb2 h6 33. Rc2 b4 34. Rc7
Rb8 35. Bxf7+ Kf8 36. Bb3 Rd8 37. Nf5 Bd3 38. Rf7+ Ke8 39. Nxg7# {Black
checkmated} 1-0

[Event "Team 45 45 League T68"]
[Site "Internet Chess Club"]
[Date "2016.04.04"]
[Round "4"]
[White "MartyJR"]
[Black "Electryon"]
[Result "1/2-1/2"]
[WhiteElo "1413"]
[BlackElo "1430"]
[Opening "Queen's pawn"]
[ECO "A40"]
[Time "20:30:18"]
[TimeControl "2700+45"]

1. d4 e6 2. Bf4 d5 3. e3 Bd6 4. Bxd6 cxd6 5. c3 Nf6 6. Nf3 b6 7. Bd3 O-O 8. O-O
Ba6 9. Bxa6 Nxa6 10. Nbd2 Rc8 11. Qe2 Nb8 12. Rac1 a6 13. c4 dxc4 14. Rxc4 b5
15. Rcc1 d5 16. Ne5 Ne8 17. Qg4 Nd6 18. Qf4 Nc4 19. Nexc4 dxc4 20. Ne4 Qe7 21.
Nc5 e5 22. Qf3 exd4 23. exd4 Qd6 24. Rfd1 Rfe8 25. Ne4 Qg6 26. Ng3 Nc6 27. d5
Ne5 28. Qf5 Nd3 29. Rc2 Qd6 30. Ne4 Qe5 31. Qxe5 Rxe5 32. Rxd3 f5 33. Rd1 Rxe4
34. d6 Rd8 35. f3 Re6 36. Rcd2 Rd7 37. Rd5 g6 38. Kf2 Kf8 39. R1d2 Ke8 40. Re2
Kf7 41. Red2 Kf6 42. f4 h6 43. h4 g5 44. g3 gxf4 45. gxf4 h5 46. Kf3 Re1 47. a3
Rh1 48. Re5 Rf1+ 49. Ke3 Re1+ 50. Kf3 Rxe5 51. fxe5+ Kxe5 52. Rd1 Rxd6 53. Rxd6
Kxd6 54. Kf4 a5 55. Kxf5 b4 56. axb4 axb4 57. Ke4 Kc5 58. Ke3 c3 59. bxc3 bxc3
60. Kd3 Kb4 61. Kc2 Kc4 62. Kc1 Kd3 63. Kd1 Ke3 64. Kc2 Kf3 65. Kxc3 Kg3 66. Kd2
Kxh4 67. Ke2 Kg3 68. Kf1 h4 69. Kg1 Kh3 70. Kh1 Kg3 71. Kg1 {Game drawn by
mutual agreement} 1/2-1/2

[Event "Team 45 45 League T68"]
[Site "Internet Chess Club"]
[Date "2016.04.02"]
[Round "4"]
[White "DarthDaver"]
[Black "Jack-ONeill"]
[Result "1/2-1/2"]
[WhiteElo "2036"]
[BlackElo "2005"]
[Opening "French: King's Indian attack"]
[ECO "C00"]
[Time "11:02:59"]
[TimeControl "2700+45"]

1. e4 e6 2. d3 d5 3. Qe2 Nc6 4. exd5 Qxd5 5. Nf3 e5 6. Nc3 Bb4 7. a3 Bxc3+ 8.
bxc3 Nf6 9. g3 O-O 10. Bg2 e4 11. dxe4 Qxe4 12. Qxe4 Nxe4 13. Nd4 Nxc3 14. Nxc6
bxc6 15. Bxc6 Rb8 16. O-O Ne2+ 17. Kg2 Nxc1 18. Raxc1 {Game drawn by mutual
agreement} 1/2-1/2

[Event "Team 45 45 League T68"]
[Site "Internet Chess Club"]
[Date "2016.04.03"]
[Round "4"]
[White "Ptzz"]
[Black "alexping"]
[Result "0-1"]
[WhiteElo "2033"]
[BlackElo "1929"]
[Opening "QGD semi-Slav"]
[ECO "D43"]
[Time "07:14:40"]
[TimeControl "2700+45"]

1. Nf3 d5 2. d4 Nf6 3. c4 c6 4. Nc3 e6 5. Bg5 Be7 6. e3 Nbd7 7. Qc2 O-O 8. cxd5
exd5 9. Bd3 h6 10. Bf4 Nh5 11. Bg3 Nxg3 12. hxg3 Nf6 13. Ne5 Ng4 14. Nxg4 Bxg4
15. f3 Be6 16. Ne2 Bd6 17. Nf4 Bxf4 18. gxf4 f5 19. Kf2 Rf6 20. b4 a5 21. a3
axb4 22. axb4 Rxa1 23. Rxa1 h5 24. Ra7 Rf7 25. Qb1 Qh4+ 26. Kf1 Qh1+ 27. Kf2
Qh4+ 28. Kg1 g5 29. fxg5 Qxg5 30. Qe1 Rg7 31. Bf1 h4 32. f4 Qg4 33. Qe2 Re7 34.
Ra8+ Kg7 35. Qf2 Bf7 36. Be2 Qg3 37. Ra3 Kf6 38. Bf3 Be6 39. Qxg3 hxg3 40. Kf1
Rh7 41. Ke2 Ke7 42. Ra1 Kd6 43. Ra8 Kc7 44. Re8 Kd7 45. Rb8 Kc7 46. Re8 Kd7 47.
Rb8 Kc7 48. Rf8 Bf7 49. Kd2 b6 50. Be2 Kd7 51. Bd3 Ke7 52. Rb8 Rh2 53. Bf1 Kd6
54. Rxb6 Kc7 55. Ra6 Kb7 56. Ra1 Bh5 57. Ke1 Rh1 58. Ra2 Bg4 59. Rc2 Kb6 60. Rc1
Bf3 61. Rc2 Be4 62. Rb2 Bd3 63. Kd2 Bxf1 64. e4 dxe4 65. Ke3 Rh2 66. b5 Rxg2 67.
Rxg2 Bxg2 {White resigns} 0-1

[Event "Team 45 45 League T68"]
[Site "Internet Chess Club"]
[Date "2016.04.02"]
[Round "4"]
[White "TheRailgun"]
[Black "Holgate"]
[Result "1-0"]
[WhiteElo "1860"]
[BlackElo "1962"]
[Opening "Sicilian: Najdorf, Byrne (English) attack"]
[ECO "B90"]
[Time "08:33:36"]
[TimeControl "2700+45"]

1. e4 c5 2. Nf3 d6 3. d4 cxd4 4. Nxd4 Nf6 5. Nc3 a6 6. Be3 e5 7. Nb3 Be6 8. f3
Be7 9. Qd2 Nbd7 10. g4 O-O 11. g5 Nh5 12. O-O-O Rc8 13. Kb1 Qc7 14. Qf2 g6 15.
h4 f5 16. Bh3 b5 17. exf5 gxf5 18. Rhg1 Ng7 19. g6 h5 20. Bh6 Nf6 21. Qd2 d5 22.
Rde1 b4 23. Ne2 Qb6 24. Ng3 f4 25. Bxg7 Kxg7 26. Bxe6 Qxe6 27. Nd4 Qd7 28. Ngf5+
{Black resigns} 1-0

[Event "Team 45 45 League T68"]
[Site "Internet Chess Club"]
[Date "2016.04.01"]
[Round "4"]
[White "Tobiasdelmonte"]
[Black "goodFriday"]
[Result "1-0"]
[WhiteElo "1784"]
[BlackElo "1790"]
[Opening "King's Indian, 3.Nf3"]
[ECO "E60"]
[Time "20:00:31"]
[TimeControl "2700+45"]

1. d4 Nf6 2. Nf3 g6 3. c4 Bg7 4. Bf4 O-O 5. e3 d6 6. h3 Nh5 7. Bg5 f5 8. Be2 h6
9. Bh4 g5 10. Nfd2 Nf6 11. Bg3 Nbd7 12. O-O e5 13. Nc3 exd4 14. exd4 f4 15. Bh2
Qe8 16. Re1 Qg6 17. Nb5 c6 18. Nxd6 Nb6 19. Nxc8 Raxc8 20. Nf3 Nfd7 21. Rc1 Rcd8
22. Bd3 Qf6 23. Bb1 c5 24. d5 Qxb2 25. Qd3 Rf6 26. Rc2 Qa1 27. Rce2 Kf8 28. Qb3
Rd6 29. Bg6 Qxe1+ 30. Rxe1 Rxg6 31. Qd3 Rf6 32. Re6 Kf7 33. Qe4 Nc8 34. Rxf6+
Nxf6 35. Qe6+ Kf8 36. Ne5 Ne7 37. Qf7# {Black checkmated} 1-0

[Event "Team 45 45 League T68"]
[Site "Internet Chess Club"]
[Date "2016.04.03"]
[Round "4"]
[White "JJ12"]
[Black "ShootStraight"]
[Result "1-0"]
[WhiteElo "2111"]
[BlackElo "1948"]
[Opening "Sicilian: Alapin's variation (2.c3)"]
[ECO "B22"]
[Time "20:00:49"]
[TimeControl "2700+45"]

1. e4 c5 2. c3 g6 3. d4 cxd4 4. cxd4 d5 5. e5 Nc6 6. Bb5 Bd7 7. Nc3 a6 8. Be2
Bf5 9. g4 Bc8 10. Be3 Bg7 11. f4 f5 12. h3 Qa5 13. a3 Nh6 14. Bf3 e6 15. Ne2 Bd7
16. Qd2 Qc7 17. Rc1 Qa5 18. Kf2 Ke7 19. Qd3 Rac8 20. b4 Qb6 21. g5 Nf7 22. Bxd5
Qd8 23. Bf3 h6 24. h4 Kf8 25. Rcg1 h5 26. Rd1 Kg8 27. Qd2 Bf8 28. d5 exd5 29.
Bxd5 Kg7 30. e6 {Black resigns} 1-0

[Event "Team 45 45 League T68"]
[Site "Internet Chess Club"]
[Date "2016.03.30"]
[Round "4"]
[White "CaptK"]
[Black "LarsenB"]
[Result "0-1"]
[WhiteElo "1802"]
[BlackElo "1876"]
[Opening "Benoni defense"]
[ECO "A61"]
[Time "13:01:52"]
[TimeControl "2700+45"]

1. d4 Nf6 2. Nf3 e6 3. c4 c5 4. d5 exd5 5. cxd5 d6 6. Nc3 g6 7. Bf4 a6 8. a4 Bg7
9. e3 O-O 10. Be2 Re8 11. O-O Bg4 12. h3 Bxf3 13. Bxf3 Qc7 14. Re1 Nbd7 15. e4
Rab8 16. Qc2 b5 17. axb5 axb5 18. Be2 c4 19. Ra6 Rb6 20. Rea1 Nc5 21. Ra7 Rb7
22. Nxb5 Rxa7 23. Rxa7 Qb6 24. Bxc4 Nfxe4 25. f3 Ne6+ 26. Kh2 Nxf4 27. fxe4 Be5
28. g3 Nh5 29. Ra3 Rc8 30. Qe2 Rxc4 31. Qxc4 Qf2+ 32. Kh1 Nxg3+ 33. Rxg3 Bxg3
{White resigns} 0-1

[Event "Team 45 45 League T68"]
[Site "Internet Chess Club"]
[Date "2016.04.03"]
[Round "4"]
[White "passedpawn"]
[Black "JefferyChess"]
[Result "0-1"]
[WhiteElo "1805"]
[BlackElo "1901"]
[Opening "Queen's pawn game"]
[ECO "A46"]
[Time "20:04:16"]
[TimeControl "2700+45"]

1. d4 Nf6 2. Nf3 e6 3. Bf4 d5 4. e3 c5 5. c3 c4 6. b3 cxb3 7. Qxb3 Nc6 8. Nbd2
Nh5 9. Bg5 f6 10. Bh4 g5 11. Bg3 Be7 12. Bd3 O-O 13. c4 f5 14. cxd5 exd5 15. Be5
g4 16. Ng1 f4 17. Qb1 Nxe5 18. Bxh7+ Kh8 19. dxe5 fxe3 20. fxe3 Bc5 21. Qg6 Qh4+
22. Ke2 Ng3+ 23. hxg3 Qxh1 24. Rf1 Qxh7 25. Rxf8+ Bxf8 26. Qf6+ Kg8 27. e6 Qe7
28. Qg6+ Bg7 29. Qxg4 Bxe6 30. Qh5 Bf7 31. Qh3 Re8 {White resigns} 0-1